Boris, chaotic male orcish Barbarian O ...................... ....................... ...........O........... O ....................... ........................ .... .........<.. ..... ............. O O ...... .............. ..*o... ............... O O ....T.. ................ O ....................%.. ^ .................%...... O ................*..%... ........T............. ..................... .................... O ................... .................. .............. Boris the Brigand Experience level: 11 Strength: 20 Dexterity: 18 Constitution: 18 Intelligence: 11 Wisdom: 11 Charisma: 8 Health: 0(111) Energy: 15(15) Def: 10 Gold: 201 Moves: 14210 Dungeon seed: zTI2giRLT2OwZSyJ Game ID: Boris_1528208436 Your Inventory: Coins $ - 201 gold pieces Amulets k - an uncursed amulet of reflection (being worn) Weapons p - 11 cursed -1 darts of lightning (in quiver) H - a blessed +0 battle-axe (weapon in hands) Armor e - an uncursed +0 dwarvish cloak of carrying (being worn) r - an uncursed +0 orcish helm of cold immunity (being worn) y - an uncursed +0 dwarvish mithril-coat (being worn) z - an uncursed +1 pair of iron shoes of telepathy named telepathy (being worn) Comestibles i - an uncursed lembas wafer B - an uncursed cream pie D - 2 uncursed pancakes E - an uncursed egg J - 4 uncursed food rations Q - an uncursed male lizard corpse U - 3 uncursed melons Rings s - an uncursed ring of sustain ability t - an uncursed ring of see invisible G - an uncursed ring of invisibility (on left hand) Wands j - an uncursed wand of speed monster (0:2) m - an uncursed wand of teleportation (0:7) v - an uncursed wand of digging (0:6) x - an uncursed wand of digging (0:0) A - an uncursed wand of teleportation (0:1) I - an uncursed wand of summoning (0:4) L - an uncursed wand of fire (0:5) M - an uncursed wand of death named (0:0) (0:0) O - an uncursed wand of cancellation (0:6) P - an uncursed wand of fire (0:1) T - an uncursed wand of teleportation (0:7) V - an uncursed wand of locking (0:3) W - an uncursed wand of summoning (0:8) X - an uncursed wand of make invisible (0:7) Y - an uncursed wand of teleportation (0:4) Tools a - an uncursed magic whistle c - an uncursed stethoscope d - an uncursed +0 unicorn horn l - an uncursed skeleton key n - an uncursed blindfold F - an uncursed sack Z - a cursed oil lamp (0:0) Contents of the sack: 6992 gold pieces 2 uncursed eggs 2 uncursed food rations 3 uncursed pancakes 4 uncursed scrolls of confuse monster a blessed scroll of destroy armor 2 uncursed scrolls of earth 2 uncursed scrolls of enchant armor 3 uncursed scrolls of enchant weapon an uncursed scroll of fire an uncursed scroll of food detection an uncursed scroll of genocide a blessed scroll of identify 5 uncursed scrolls of identify a cursed scroll of light a blessed scroll of magic mapping an uncursed scroll of magic mapping 2 uncursed scrolls of scare monster 2 uncursed scrolls of summoning 2 blessed scrolls of teleportation 2 uncursed scrolls of teleportation an uncursed potion of extra healing a potion of holy water 2 uncursed potions of object detection an uncursed ring of free action an uncursed ring of invisibility an uncursed ring of shock immunity an uncursed ring of slow digestion a cursed ring of slow digestion Spells and supernatural/magical abilities: Name Level Category Cost Memory m - magic missile 2 attack 2000pw 88% n - detect monsters 1 divination 1000pw 98% s - slow monster 2 enchantment 2000pw 79% B - cure blindness 2 healing 2000pw 83% W - pray for help -- divine ? -- Your skills at the end: Fighting Skills bare handed combat [Basic] Weapon Skills axe [Expert] short sword [Basic] Spellcasting Skills Final Attributes: You were piously aligned. You were immune to cold. You were immune to poison. You were telepathic. You had infravision. You were invisible. You were fast. You had reflection. You last prayed 2357 turns ago. Set was noncommittal. You are dead. Vanquished creatures: a clay golem a queen bee 2 giant mimics 7 rock trolls a doppelganger a hill giant a giant zombie 16 wargs a small mimic 2 glass piercers 2 ogre lords 3 quantum mechanics 13 trolls a large dog a freezing sphere 2 tigers a gargoyle a dwarf king a tengu a stone giant an elf mummy a human mummy 2 carnivorous apes 2 ettin zombies a chameleon a giant beetle a quivering blob 5 wolves a winter wolf cub a panther 33 leprechauns 6 giant spiders an ice vortex 2 black lights a vampire bat 4 gnome kings an orc mummy a dwarf mummy 24 ogres a yeti 3 Green-elves 3 giant eels 3 lizards 6 chieftains 7 chickatrices 2 dogs 2 dingos a housecat a dwarf lord a blue jelly 3 white unicorns a gray unicorn 2 ravens a gnome mummy a snake 5 apes a soldier ant an imp a wood nymph a water nymph 2 mountain nymphs an Uruk-hai 3 rock piercers 2 rock moles 2 fog clouds 3 yellow lights 2 violet fungi 17 gnome lords 6 gnomish wizards a black naga hatchling a golden naga hatchling 5 gray oozes 4 elf zombies 2 ghouls 2 straw golems 2 baby crocodiles 3 giant ants 3 little dogs 3 floating eyes 2 kittens 17 dwarves a kobold lord a kobold shaman 2 hill orcs 14 rothes a rabid rat 3 giant bats 5 monkeys 3 orc zombies a dwarf zombie a wererat a werejackal 32 killer bees an acid blob 3 coyotes a gas spore 4 hobbits 10 manes a large kobold a hobgoblin 5 giant rats 10 cave spiders a yellow mold 2 green molds a red mold 47 gnomes 5 garter snakes 8 geckos 15 jackals 3 foxes 3 kobolds a goblin 4 sewer rats 12 grid bugs 5 bats 5 lichens 2 kobold zombies 9 newts 502 creatures vanquished. Voluntary challenges: You had been an atheist until turn 6787. You used a wielded weapon 748 times, starting on turn 110. You read items or engraved 13 times, starting on turn 1291. You never genocided any monsters. You never polymorphed an object. You never changed form. You used no wishes. You never split a pudding. You never wrote Elbereth's name. You never violated your personal moral code. Dungeon overview: The Dungeons of Doom: levels 1 to 14 Level 1 a long staircase Level 2 a vault stairs to The Gnomish Mines Level 3 a fountain Level 4 a fountain Level 5 Level 6 many fountains Level 7 stairs to Sokoban Level 8 Level 9 an altar to Set Level 10 a vault Level 11 a fountain, a vault Level 12 Level 13 a fountain, a sink, a vault portal to The Quest Level 14 The Gnomish Mines: levels 3 to 9 Level 3 stairs to The Dungeons of Doom Level 4 Level 5 Level 6 a lighting shop, a temple to Mitra, some fountains, a sink Level 7 Level 8 Level 9 The Quest: levels 1 to 3 Level 1 a throne portal to The Dungeons of Doom Level 2 <- You were here Level 3 Sokoban: levels 3 to 6 Level 3 Level 4 Level 5 Level 6 Solved stairs to The Dungeons of Doom History has recorded: On T:1 you entered the Dungeons of Doom to retrieve the Amulet of Yendor! On T:91 you reached level 2 of The Dungeons of Doom. On T:283 you reached level 1 of The Gnomish Mines. On T:368 you reached level 3 of The Dungeons of Doom. On T:450 you advanced to experience level 2. On T:513 you reached level 4 of The Dungeons of Doom. On T:776 you reached level 5 of The Dungeons of Doom. On T:893 you reached level 6 of The Dungeons of Doom. On T:914 you advanced to experience level 3. On T:948 you advanced to experience level 4. On T:1330 you advanced to experience level 5. On T:1357 you reached level 7 of The Dungeons of Doom. On T:1450 you reached level 8 of The Dungeons of Doom. On T:1477 you reached level 4 of Sokoban. On T:1838 you reached level 3 of Sokoban. On T:2859 you advanced to experience level 6. On T:2897 you reached level 2 of Sokoban. On T:3408 you reached level 1 of Sokoban. On T:3806 you reached level 9 of The Dungeons of Doom. On T:3835 you advanced to experience level 7. On T:3838 you reached level 10 of The Dungeons of Doom. On T:5740 you reached level 3 of The Gnomish Mines. On T:5946 you reached level 4 of The Gnomish Mines. On T:6035 you reached level 2 of The Gnomish Mines. On T:6557 you advanced to experience level 8. On T:7183 you reached level 5 of The Gnomish Mines. On T:7700 you reached level 6 of The Gnomish Mines. On T:7875 you reached level 7 of The Gnomish Mines. On T:8161 you advanced to experience level 9. On T:10342 you reached level 11 of The Dungeons of Doom. On T:10562 you reached level 12 of The Dungeons of Doom. On T:10807 you reached level 13 of The Dungeons of Doom. On T:10833 you reached level 14 of The Dungeons of Doom. On T:11291 you reached level 1 of The Quest. On T:11543 you advanced to experience level 10. On T:12997 you advanced to experience level 11. On T:13037 you embarked upon an epic quest. On T:13075 you reached level 2 of The Quest. On T:13366 you reached level 3 of The Quest. Score breakdown: Gold: 7193 (13120 points) Experience: 11 levels (17616 points) Exploration: 15 levels ( 31.91%) (16550 points) Discoveries: 29 items ( 11.55%) (10197 points) Valuables value: (no points given unless you survive) Artifact value: 0 ( 0 points) Variety of kills: 118 monsters ( 31.05%) (16717 points) Turncount: 14210 turns (-2897 points) Survival: died (score multiplied by 80%) Total score: 57042 Latest messages: You kill the troll! There's a trap there! (Use the 'moveonly' command to move there anyway.) You escape a pit. You go down into the pit. x - a wand of digging. You crawl to the edge of the pit. The troll rises from the dead! You smite the troll! The troll hits! (2x) The troll bites! You smite the troll! The troll hits! (2x) The troll misses. Status of the troll (chaotic): Level 8 HP 6(37) Pw 13(13) Def 6. You kill the troll! You see here a female troll corpse. The rock troll hits! (2x) You die... Final status: Goodbye Boris the Barbarian, killed by a rock troll... You died in The Quest on dungeon level 2 with 57042 points, and 7193 pieces of gold, after 14210 moves. You were level 11 with a maximum of 111 hit points when you died.